 Dungeon Crawl Stone Soup version 0.22-a0-542-gce4f928 (webtiles) character file.

80 iamserjio the Charmwright (level 4, -2/38 HPs)
             Began as a Gnoll Skald on June 24, 2018.
             Slain by an orc
             ... wielding a +0 dagger
              (5 damage)
             ... on level 4 of the Dungeon.
             The game lasted 00:03:22 (480 turns).

iamserjio the Charmwright (Gnoll Skald)              Turns: 480, Time: 00:03:23

Health: -2/38      AC:  4    Str: 14    XL:     4   Next: 39%
Magic:  2/11       EV: 14    Int: 16    God:
Gold:   53         SH:  0    Dex: 14    Spells: 2/13 levels left

rFire    . . .     SeeInvis .   a - +0 hand axe
rCold    + . .     Gourm    .   (no shield)
rNeg     . . .     Faith    .   r - +1 leather armour {rC+}
rPois    .         Spirit   .   (no helmet)
rElec    .         Reflect  .   (no cloak)
rCorr    .         Harm     .   (no gloves)
MR       .....                  (no boots)
Stlth    +.........             (no amulet)
HPRegen  0.12/turn              (no ring)
MPRegen  0.12/turn              (no ring)

@: singing
A: distributed training, fangs 1, strong nose
a: no special abilities


You were on level 4 of the Dungeon.
You were not hungry.

You visited 1 branch of the dungeon, and saw 4 of its levels.

You collected 53 gold pieces.

Inventory:

Hand Weapons
 a - a +0 hand axe (weapon)
 k - a +0 dagger of venom
 l - a +0 quarterstaff
 q - a +2 falchion of slicing
Armour
 b - a +0 leather armour
 c - a +0 ring mail of cold resistance
 m - a +0 ring mail
 r - a +1 leather armour of cold resistance (worn)
Wands
 i - a wand of polymorph (8)
 p - a wand of flame (15)
Scrolls
 e - 2 scrolls of identify {unknown}
 j - a scroll of enchant weapon {unknown}
 n - 2 scrolls of teleportation {unknown}
 o - a scroll of random uselessness {unknown}
Potions
 f - 2 potions of agility {unknown}
 g - a potion of heal wounds {unknown}
 h - a potion of haste {unknown}
Comestibles
 d - 5 rations


   Skills:
 + Level 4.6 Fighting
 + Level 1.1 Short Blades
 + Level 1.1 Long Blades
 + Level 4.6 Axes
 + Level 1.1 Maces & Flails
 + Level 1.1 Polearms
 + Level 1.1 Staves
 + Level 1.1 Slings
 + Level 1.1 Bows
 + Level 1.1 Crossbows
 + Level 1.1 Throwing
 + Level 2.7 Armour
 + Level 4.6 Dodging
 + Level 1.1 Stealth
 + Level 1.1 Shields
 + Level 1.1 Unarmed Combat
 + Level 5.0 Spellcasting
 + Level 0.8 Conjurations
 + Level 0.8 Hexes
 + Level 5.4 Charms
 + Level 0.8 Summonings
 + Level 0.8 Necromancy
 + Level 0.8 Translocations
 + Level 0.8 Transmutations
 + Level 0.8 Fire Magic
 + Level 0.8 Ice Magic
 + Level 0.8 Air Magic
 + Level 0.8 Earth Magic
 + Level 0.8 Poison Magic
 + Level 1.2 Invocations
 + Level 1.1 Evocations


You had 2 spell levels left.
You knew the following spells:

 Your Spells              Type           Power        Failure   Level  Hunger
a - Infusion              Chrm           ###.         1%          1    None
b - Song of Slaying       Chrm           ###.....     3%          2    #......
c - Shroud of Golubria    Chrm/Tloc      ##........   8%          2    #......
d - Regeneration          Chrm/Necr      ##........   16%         3    ###....
e - Spectral Weapon       Hex/Chrm       ##......     16%         3    ###....

Your spell library contained the following spells:

 Spells                   Type           Power        Failure   Level  Hunger


Dungeon Overview and Level Annotations

Branches:
Dungeon (4/15)
 Temple: D:4-7

Altars:


Innate Abilities, Weirdness & Mutations

Your experience applies equally to all skills.
You have very sharp teeth.
Your uncanny sense of smell can sniff out nearby items.


Message History

The orc is moderately wounded.
You hit the orc but do no damage. The orc barely misses you.
The orc hits you but does no damage.
You hit the orc but do no damage. You closely miss the orc.
The orc hits you but does no damage. The orc hits you with a dagger.
* * * LOW HITPOINT WARNING * * *
You closely miss the orc.
The orc is lightly wounded.
You hit the orc but do no damage. The orc barely misses you.
The orc hits you with a dagger.
* * * LOW HITPOINT WARNING * * *
The orc barely misses you.
You closely miss the orc. Your bite misses the orc.
The orc is lightly wounded.
You hit the orc but do no damage. The orc completely misses you.
The orc closely misses you. The orc barely misses you.
You hit the orc.
The orc is almost dead.
You hit the orc. The orc barely misses you. The orc hits you with a dagger.
You die...

........)..#....
........)..#... ...
......##...##.#######...
......##...##.#!.......<
.......#......#.........
.......#......#.........
.......#......#.........
#......#..o......
#......#.@.......
#...##'#..o......
#...#.........###
#....#.........#
#....#.........+ #..
#.........# #.........#
###########


You could see 2 orcs.

Vanquished Creatures
  A hound (D:4)
  An iguana (D:4)
  A leopard gecko (D:3)
  6 orcs (D:4)
  A ball python (D:1)
  2 goblins
  A hobgoblin (D:1)
  3 kobolds (D:2)
  A bat (D:1)
  A rat (D:1)
18 creatures vanquished.

Notes
Turn   | Place    | Note
-------+----------+-------------------------------------------
     0 | D:1      | iamserjio the Gnoll Skald began the quest for the Orb.
     0 | D:1      | Reached XP level 1. HP: 20/20 MP: 6/6
   268 | D:2      | Reached XP level 2. HP: 25/26 MP: 7/7
   311 | D:2      | Learned a level 2 spell: Song of Slaying
   314 | D:2      | Learned a level 2 spell: Shroud of Golubria
   363 | D:4      | Reached skill level 5 in Spellcasting
   363 | D:4      | Reached XP level 3. HP: 3/31 MP: 1/9
   368 | D:4      | Learned a level 3 spell: Regeneration
   372 | D:4      | Learned a level 3 spell: Spectral Weapon
   426 | D:4      | Reached skill level 1 in Invocations
   430 | D:4      | Reached skill level 1 in Short Blades
   430 | D:4      | Reached skill level 1 in Long Blades
   430 | D:4      | Reached skill level 1 in Maces & Flails
   430 | D:4      | Reached skill level 1 in Polearms
   430 | D:4      | Reached skill level 1 in Staves
   430 | D:4      | Reached skill level 1 in Slings
   430 | D:4      | Reached skill level 1 in Bows
   430 | D:4      | Reached skill level 1 in Crossbows
   430 | D:4      | Reached skill level 1 in Throwing
   430 | D:4      | Reached skill level 1 in Stealth
   430 | D:4      | Reached skill level 1 in Shields
   430 | D:4      | Reached skill level 1 in Unarmed Combat
   430 | D:4      | Reached skill level 1 in Evocations
   430 | D:4      | Reached XP level 4. HP: 17/38 MP: 0/11
   480 | D:4      | Slain by an orc

Vault maps used:
D:1:      ebering_hopf_link, serial_bayou_pond_a, minmay_misc_feat_iff
D:2:      old_standard_altar, first_ration
D:3:      wad_river_or_something, dancing_weapons_uskayaw, okawaru_gym_becter
D:4:      kennysheep_potato, uniq_crazy_yiuf_cottage, uniq_eustachio,
          uniq_natasha

Skill      XL: |  1  2  3 |
---------------+----------+-----
Spellcasting   | 5 |  5.0
Invocations    | 1 |  1.2
Short Blades   | 1 |  1.1
Long Blades    | 1 |  1.1
Maces & Flails | 1 |  1.1
Polearms       | 1 |  1.1
Staves         | 1 |  1.1
Slings         | 1 |  1.1
Bows           | 1 |  1.1
Crossbows      | 1 |  1.1
Throwing       | 1 |  1.1
Stealth        | 1 |  1.1
Shields        | 1 |  1.1
Unarmed Combat | 1 |  1.1
Evocations     | 1 |  1.1
Fighting       | |  4.6
Axes           | |  4.6
Armour         | |  2.7
Dodging        | |  4.6
Conjurations   | |  0.8
Hexes          | |  0.8
Charms         | |  5.4
Summonings     | |  0.8
Necromancy     | |  0.8
Translocations | |  0.8
Transmutations | |  0.8
Fire Magic     | |  0.8
Ice Magic      | |  0.8
Air Magic      | |  0.8
Earth Magic    | |  0.8
Poison Magic   | |  0.8

Action                   |  1- 3 |  4- 6 || total
-------------------------+-------+-------++-------
Melee: Hand axe          |    43 |    18 ||    61
       Bite              |     5 |     1 ||     6
 Cast: Shroud of Golubri |     1 |       ||     1
       Infusion          |     1 |       ||     1
       Regeneration      |     2 |     1 ||     3
       Song of Slaying   |     1 |     1 ||     2
Armor: Leather armour    |     3 |     4 ||     7
Dodge: Dodged            |    37 |    20 ||    57

Table legend:
 A = Spawn XP
 B = Non-spawn XP
 C = Spawn XP percentage of total XP
 D = Spawn monster count
 E = Non-spawn monster count
 F = Spawn count percentage of total count
 G = Total turns spent on level
                    A         B        C        D         E        F      G
               +---------+---------+-------+---------+---------+-------+---------
         Total |       0 |     115 |   0.0 |       0 |      18 |   0.0 |   480
               +---------+---------+-------+---------+---------+-------+---------
           D:1 |       0 |       8 |   0.0 |       0 |       5 |   0.0 |   130
           D:2 |       0 |       6 |   0.0 |       0 |       3 |   0.0 |   201
           D:3 |       0 |       5 |   0.0 |       0 |       2 |   0.0 |    24
           D:4 |       0 |      96 |   0.0 |       0 |       8 |   0.0 |   125
               +---------+---------+-------+---------+---------+-------+---------
